 Dungeon Crawl Stone Soup version 0.30-a0-737-gf23d94013f (webtiles) character file.

Game seed: 15817461606022971656

149 zinnoa the Grasshopper (level 5, -3/43 HPs)
             Began as a Gnoll Warper on Feb 2, 2023.
             Slain by Terence
             ... wielding a +0 mace of protection
              (5 damage)
             ... on level 2 of the Dungeon.
             The game lasted 00:04:45 (1360 turns).

zinnoa the Grasshopper (Gnoll Warper)               Turns: 1360, Time: 00:04:46

Health: -3/43      AC:  6    Str: 12    XL:     5   Next: 31%
Magic:  7/12       EV: 13    Int: 13    God:
Gold:   67         SH:  0    Dex: 11    Spells: 4/14 levels left

rFire   . . .      SeeInvis .    a - +0 hand axe
rCold   . . .      Faith    .    (no shield)
rNeg    . . .      Spirit   .    b - +0 leather armour
rPois   .          Reflect  .    (no helmet)
rElec   .          Harm     .    m - +1 cloak
rCorr   .          Rampage  .    h - +0 pair of gloves
Will    .....                    (no boots)
Stlth   +                        (no amulet)
HPRegen 0.27/turn                (no ring)
MPRegen 0.13/turn                (no ring)

@: no status effects
A: fangs 1, strong nose, distributed training
a: no special abilities


You were on level 2 of the Dungeon.
You visited 1 branch of the dungeon, and saw 2 of its levels.

You collected 67 gold pieces.

Inventory:

Hand Weapons
 a - a +0 hand axe (weapon)
Missiles
 d - 7 boomerangs of dispersal (quivered)
Armour
 b - a +0 leather armour (worn)
 f - a +0 cloak
 h - a +0 pair of gloves (worn)
 m - a +1 cloak (worn)
Scrolls
 c - a scroll of blinking
 e - 4 scrolls of identify {unknown}
 i - a scroll of teleportation {unknown}
 j - a scroll of fog {unknown}
 k - a scroll of amnesia {unknown}
Potions
 g - a potion of mutation {unknown}
 l - a potion of resistance {unknown}


   Skills:
 + Level 4.8 Fighting
 + Level 1.5 Short Blades
 + Level 1.5 Long Blades
 + Level 4.8 Axes
 + Level 1.5 Maces & Flails
 + Level 1.5 Polearms
 + Level 1.5 Staves
 + Level 1.5 Ranged Weapons
 + Level 3.0 Throwing
 + Level 3.0 Armour
 + Level 4.8 Dodging
 + Level 1.5 Stealth
 + Level 1.5 Shields
 + Level 1.5 Unarmed Combat
 + Level 5.2 Spellcasting
 + Level 1.2 Conjurations
 + Level 1.2 Hexes
 + Level 1.2 Summonings
 + Level 1.2 Necromancy
 + Level 5.5 Translocations
 + Level 1.2 Transmutations
 + Level 1.2 Fire Magic
 + Level 1.2 Ice Magic
 + Level 1.2 Air Magic
 + Level 1.2 Earth Magic
 + Level 1.2 Poison Magic
 + Level 1.7 Invocations
 + Level 1.5 Evocations


You had 4 spell levels left.
You knew the following spells:

 Your Spells              Type           Power      Damage    Failure   Level
a - Blink                 Tloc           34%        N/A       3%          2
b - Teleport Other        Tloc           17%        N/A       7%          3
c - Ensorcelled Hibernat  Hex/Ice        12%        N/A       22%         2
d - Vhi's Electric Charg  Tloc/Air       24%        N/A       17%         3

Your spell library contained the following spells:

 Spells                   Type           Power      Damage    Failure   Level
 Lesser Beckoning         Tloc           34%        N/A       3%          2
 Passwall                 Tmut/Erth      5%         N/A       22%         2
 Manifold Assault         Tloc           17%        N/A       24%         4
 Swiftness                Air            6%         N/A       38%         3


Dungeon Overview and Level Annotations

Branches:
Dungeon (2/15)

Altars:

Annotations:
D:2 Terence


Innate Abilities, Weirdness & Mutations

You have very sharp teeth.
Your uncanny sense of smell can sniff out nearby items.
Your experience applies equally to all skills.


Message History

Terence closely misses you.
You hit Terence but do no damage. You closely miss Jessica.
Jessica barely misses you.
Terence hits you with a +0 mace of protection.
Jessica barely misses you. Terence misses you.
You hit Terence. Your bite misses Terence.
Terence is lightly wounded.
You barely miss Jessica. Jessica hits you with a +0 dagger. Terence misses you.
You hit Terence but do no damage.
Terence is lightly wounded.
You hit Jessica but do no damage. Jessica barely misses you.
Terence hits you with a +0 mace of protection.
Jessica hits you with a +0 dagger.
* * * LOW HITPOINT WARNING * * *
Terence closely misses you.
You hit Terence but do no damage.
Terence is lightly wounded.
You hit Jessica.
You kill Jessica!
Terence hits you with a +0 mace of protection.
* * * LOW HITPOINT WARNING * * *
Your Throwing skill increases to level 3!
Your Armour skill increases to level 3!
You barely miss Terence.
Terence is lightly wounded.
Terence misses you. Terence completely misses you.
You hit Terence but do no damage.
Terence is lightly wounded.
Terence hits you but does no damage.
Terence hits you with a +0 mace of protection.
* * * LOW HITPOINT WARNING * * *
You closely miss Terence.
Terence is lightly wounded.
Terence hits you with a +0 mace of protection.
* * * LOW HITPOINT WARNING * * *
You hit Terence but do no damage.
Terence is lightly wounded.
You feel yourself speed up.
Terence hits you with a +0 mace of protection.
You die...

######.##......# ####
#.......#......#
#.......#......####
###.......#.........###
.............#.)....+..
####.......##.#......###
........................
#.....).####.#.......##
#.....@.####.##.####.#.
#....@†.##.............
.........##.####.####.#.
##.......##. #.##<#.#.
........... #.##.#...
.#...##.### #.##.#.#.
..... #.# #.##.#.#.
##... ..# #.##.#.##
#........


You could see Terence.

Vanquished Creatures
  A phantom (D:2)
  Jessica (D:2)
  2 adders (D:2)
  A dart slug (D:2)
  2 endoplasms
  A giant cockroach (D:1)
  4 hobgoblins
  4 quokkas (D:1)
  6 ball pythons
  A bat (D:1)
  2 frilled lizards (D:1)
  5 kobolds
  2 rats (D:1)
32 creatures vanquished.

Notes
Turn   | Place    | Note
-------+----------+-------------------------------------------
     0 | D:1      | zinnoa the Gnoll Warper began the quest for the Orb.
     0 | D:1      | Reached XP level 1. HP: 20/20 MP: 6/6
   233 | D:1      | Reached XP level 2. HP: 26/26 MP: 7/7
   874 | D:2      | Reached skill level 5 in Spellcasting
   874 | D:2      | Reached XP level 3. HP: 29/31 MP: 7/9
   931 | D:2      | Reached skill level 1 in Invocations
  1121 | D:2      | Noticed a phantom
  1144 | D:2      | Killed a phantom
  1145 | D:2      | Reached skill level 1 in Short Blades
  1145 | D:2      | Reached skill level 1 in Long Blades
  1145 | D:2      | Reached skill level 1 in Maces & Flails
  1145 | D:2      | Reached skill level 1 in Polearms
  1145 | D:2      | Reached skill level 1 in Staves
  1145 | D:2      | Reached skill level 1 in Ranged Weapons
  1145 | D:2      | Reached skill level 1 in Stealth
  1145 | D:2      | Reached skill level 1 in Shields
  1145 | D:2      | Reached skill level 1 in Unarmed Combat
  1145 | D:2      | Reached skill level 1 in Conjurations
  1145 | D:2      | Reached skill level 1 in Hexes
  1145 | D:2      | Reached skill level 1 in Summonings
  1145 | D:2      | Reached skill level 1 in Necromancy
  1145 | D:2      | Reached skill level 1 in Transmutations
  1145 | D:2      | Reached skill level 1 in Fire Magic
  1145 | D:2      | Reached skill level 1 in Ice Magic
  1145 | D:2      | Reached skill level 1 in Air Magic
  1145 | D:2      | Reached skill level 1 in Earth Magic
  1145 | D:2      | Reached skill level 1 in Poison Magic
  1145 | D:2      | Reached skill level 1 in Evocations
  1145 | D:2      | Reached XP level 4. HP: 5/38 MP: 11/11
  1145 | D:2      | Reached XP level 5. HP: 5/43 MP: 12/12
  1286 | D:2      | Learned a level 2 spell: Blink
  1290 | D:2      | Learned a level 3 spell: Teleport Other
  1293 | D:2      | Learned a level 2 spell: Ensorcelled Hibernation
  1297 | D:2      | Learned a level 3 spell: Vhi's Electric Charge
  1342 | D:2      | Noticed Terence
  1344 | D:2      | Noticed Jessica
  1356 | D:2      | Killed Jessica
  1359 | D:2      | HP: 2/43 [Terence/+0 mace of protection (3)]
  1360 | D:2      | Slain by Terence

Illustrated notes

Levels and vault maps discovered:
D:1:      erik_arrival_triangle_medium, layout_basic, item_on_display_a
D:2:      layout_basic, uniq_jessica, uniq_terence

Skill      XL: |  1  2  3  4  5 |
---------------+----------------+-----
Spellcasting   | 5 |  5.2
Invocations    | 1 |  1.7
Short Blades   | 1 |  1.5
Long Blades    | 1 |  1.5
Maces & Flails | 1 |  1.5
Polearms       | 1 |  1.5
Staves         | 1 |  1.5
Ranged Weapons | 1 |  1.5
Stealth        | 1 |  1.5
Shields        | 1 |  1.5
Unarmed Combat | 1 |  1.5
Conjurations   | 1 |  1.2
Hexes          | 1 |  1.2
Summonings     | 1 |  1.2
Necromancy     | 1 |  1.2
Transmutations | 1 |  1.2
Fire Magic     | 1 |  1.2
Ice Magic      | 1 |  1.2
Air Magic      | 1 |  1.2
Earth Magic    | 1 |  1.2
Poison Magic   | 1 |  1.2
Evocations     | 1 |  1.5
Throwing       | 3 |  3.0
Armour         | 3 |  3.0
Fighting       | |  4.8
Axes           | |  4.8
Dodging        | |  4.8
Translocations | |  5.5

Action                     |  1- 3 |  4- 6 || total
---------------------------+-------+-------++-------
  Melee: Hand axe          |   125 |    21 ||   146
         Bite              |     7 |     3 ||    10
         Punch             |     1 |     2 ||     3
   Cast: Ensorcelled Hiber |       |     2 ||     2
         Vhi's Electric Ch |       |     1 ||     1
   Stab: Sleeping          |     2 |       ||     2
 Armour: Leather armour    |    25 |     4 ||    29
  Dodge: Dodged            |    92 |    23 ||   115

Table legend: (Time is in decaauts)
 A = Elapsed time spent in this place.
 B = Non-inter-level travel time spent in this place.
 C = Inter-level travel time spent in this place.
 D = Time resting spent in this place.
 E = Time spent auto-exploring this place.
 F = Levels seen in this place.
 G = Mean time per level.
                   A        B        C        D        E       F      G
               +--------+--------+--------+--------+--------+-----+--------+
         Total |   1374 |   1340 |     34 |    235 |    807 |   2 |  687.0 |
       Dungeon |   1374 |   1340 |     34 |    235 |    807 |   2 |  687.0 |
               +--------+--------+--------+--------+--------+-----+--------+

Top non-repeatable levels by time:
     D:1: 866 daAuts
     D:2: 508 daAuts
